 Dungeon Crawl Stone Soup version 0.23-a0-402-g64599a1 (webtiles) character file.

490 RonnieColeman the Chopper (level 6, 0/58 HPs)
             Began as a Minotaur Berserker on Nov 3, 2018.
             Was a Believer of Trog.
             Killed by nerve-wracking pain
             ... invoked by a shadow imp
              (8 damage)
             ... on level 5 of the Dungeon.
             The game lasted 00:06:59 (3772 turns).

RonnieColeman the Chopper (Minotaur Berserker)      Turns: 3772, Time: 00:07:00

Health: 0/58       AC:  2    Str: 21    XL:     6   Next: 90%
Magic:  5/5        EV: 14    Int:  4    God:    Trog [**....]
Gold:   246        SH:  0    Dex: 12    Spells: 5/5 levels left

rFire    . . .     SeeInvis .   k - +0 whip (drain)
rCold    . . .     Gourm    .   (no shield)
rNeg     . . .     Faith    .   b - +0 animal skin
rPois    .         Spirit   .   (helmet restricted)
rElec    .         Reflect  .   (no cloak)
rCorr    .         Harm     +   (no gloves)
MR       .....                  (no boots)
Stlth    +.........             d - amulet of harm
HPRegen  0.19/turn              (no ring)
MPRegen  0.09/turn              (no ring)

@: no status effects
A: retaliatory headbutt, horns 2
a: Berserk, Trog's Hand, Renounce Religion


You were on level 5 of the Dungeon.
You worshipped Trog.
Trog was pleased with you.
You were near starving.

You visited 2 branches of the dungeon, and saw 6 of its levels.

You collected 270 gold pieces.
You spent 24 gold pieces at shops.

Inventory:

Hand Weapons
 a - a +0 hand axe
 k - a +0 whip of draining (weapon)
Armour
 b - a +0 animal skin (worn)
Jewellery
 d - an amulet of harm (around neck)
Wands
 n - a wand of random effects (3)
 p - a wand of digging (7)
Scrolls
 h - a scroll of remove curse
 j - 2 scrolls of fog {unknown}
 l - 2 scrolls of teleportation {unknown}
 m - a scroll of enchant armour {unknown}
 q - 2 scrolls of amnesia {unknown}
 t - 3 scrolls of identify
 v - a scroll of blinking {unknown}
 w - a scroll of enchant weapon {unknown}
 x - a scroll of immolation {unknown}
Potions
 e - 2 potions of agility {unknown}
 f - 2 potions of might {unknown}
 g - a potion of cancellation {unknown}
 i - 4 potions of haste {unknown}
 o - a potion of ambrosia {unknown}
 r - 4 potions of curing {unknown}
 s - a potion of lignification {unknown}
 u - a potion of degeneration {unknown}
Comestibles
 c - 6 rations


   Skills:
 * Level 6.6 Fighting
 * Level 6.6 Axes
 - Level 2.4 Armour
 + Level 4.1 Dodging


You had 5 spell levels left.
You didn't know any spells.
Your spell library was empty.

Dungeon Overview and Level Annotations

Branches:
Dungeon (5/15)             Temple (1/1) D:4

Altars:
Ashenzari
Cheibriados
Dithmenos
Elyvilon
Fedhas
Gozag
Hepliaklqana
Kikubaaqudgha
Makhleb
Nemelex Xobeh
Okawaru
Qazlal
Ru
Sif Muna
Trog
Uskayaw
Vehumet
Wu Jian
Xom
Yredelemnul
The Shining One

Shops:
D:4 *

Annotations:
D:5 1 runed door, RedSky's ghost, novice FoEE


Innate Abilities, Weirdness & Mutations

You reflexively headbutt those who attack you in melee.
You have a pair of horns on your head.


Message History

You headbutt the worker ant!
You kill the worker ant!
Trog accepts your kill.
You see here a worker ant corpse.
You hit the shadow imp.
The shadow imp is lightly wounded.
The shadow imp misses you.
You barely miss the shadow imp.
The shadow imp is lightly wounded.
The shadow imp hits you.
* * * LOW HITPOINT WARNING * * *
You hit the shadow imp but do no damage.
The shadow imp sputters.
The shadow imp hits you.
* * * LOW HITPOINT WARNING * * *
You whack the shadow imp! Your headbutt misses the shadow imp.
The shadow imp is almost dead.
The shadow imp gestures at you. Pain shoots through your body!
You die...

#. .# #. .#
#.#.# ...##
.... #..#
#. #5.# #.
#@)# #.
#..#
#.##..#.#
#.......#
##..###.#
#..# ...
#..# ###
#(.#
#..########


You could see a shadow imp.

Vanquished Creatures
  An ogre (D:4)
  A centaur zombie (D:5)
  2 orc wizards (D:3)
  A bullfrog skeleton (D:5)
  Natasha (thrice) (D:3)
  A worker ant (D:5)
  A hound skeleton (D:4)
  3 gnolls (D:5)
  6 adders
  2 oozes (D:3)
  An adder zombie (D:5)
  3 worms
  11 orcs
  7 bats
  5 giant cockroaches
  5 goblins
  5 hobgoblins
  2 quokkas
  3 frilled lizards (D:1)
  5 kobolds
  5 rats
73 creatures vanquished.

Notes
Turn   | Place    | Note
-------+----------+-------------------------------------------
     0 | D:1      | RonnieColeman the Minotaur Berserker began the quest for
                  | the Orb.
     0 | D:1      | Reached XP level 1. HP: 19/19 MP: 0/0
   188 | D:1      | Reached XP level 2. HP: 26/27 MP: 1/1
   850 | D:2      | Reached XP level 3. HP: 31/34 MP: 2/2
  1835 | D:3      | Noticed Natasha
  1842 | D:3      | Killed Natasha
  1842 | D:3      | Reached XP level 4. HP: 30/41 MP: 3/3
  1844 | D:3      | Reached ** piety under Trog
  1876 | D:3      | Noticed Natasha
  1885 | D:3      | Killed Natasha
  1885 | D:3      | Reached skill level 5 in Fighting
  1885 | D:3      | Reached skill level 5 in Axes
  1957 | D:3      | Reached XP level 5. HP: 20/48 MP: 4/4
  1965 | D:3      | Found a white marble altar of Elyvilon.
  1976 | D:3      | Noticed Natasha
  1984 | D:3      | Killed Natasha
  2745 | D:4      | Found Singeab's General Store.
  2745 | D:4      | Noticed an ogre
  2751 | D:4      | Killed an ogre
  2751 | D:4      | Reached XP level 6. HP: 57/57 MP: 5/5
  2799 | D:4      | Bought a scroll of identify for 24 gold pieces
  2939 | D:4      | Found a staircase to the Ecumenical Temple.
  3169 | D:5      | Entered Level 5 of the Dungeon
  3205 | Temple   | Entered the Ecumenical Temple
  3559 | D:5      | Found a runed door.
  3559 | D:5      | Noticed RedSky's ghost (novice FoEE)
  3772 | D:5      | Killed from afar by a shadow imp

Vault maps used:
D:1:      lightli_arrival_maybe_door_vault
D:3:      elyvilon_altar_1, uniq_natasha
D:4:      minmay_temple_entry_statues_fountains, first_ration, serial_shops,
          shop
D:5:      hellmonk_ghost_happy_afterlife, nrook_mini_backslash
Temple:   roderic_octagonal_lattice_temple

Skill      XL: |  1  2  3  4  5  6 |
---------------+-------------------+-----
Axes           | 4 5 6 |  6.6
Fighting       | 4 5 6 |  6.6
Dodging        | 3 4 |  4.1
Armour         | |  2.4

Action                   |  1- 3 |  4- 6 || total
-------------------------+-------+-------++-------
Melee: Hand axe          |    38 |       ||    38
       Headbutt          |    11 |    22 ||    33
       Whip              |    16 |   109 ||   125
Invok: Berserk           |       |     2 ||     2
  Use: Scroll            |       |     2 ||     2
 Stab: Sleeping          |       |     1 ||     1
  Eat: Chunk             |     1 |     8 ||     9
Armor: Animal skin       |    11 |    12 ||    23
Dodge: Dodged            |    37 |    58 ||    95

Table legend:
 A = Non-vault XP
 B = Vault XP
 C = Vault XP percentage of total XP
 D = Non-vault monster count
 E = Vault monster count
 F = Vault count percentage of total count
                 A         B        C        D         E       F
            +---------+---------+-------+---------+---------+-------
      Total |     665 |      35 |   5.0 |      72 |       1 |   1.4
            +---------+---------+-------+---------+---------+-------
        D:1 |      24 |       0 |   0.0 |      15 |       0 |   0.0
        D:2 |      66 |       0 |   0.0 |      13 |       0 |   0.0
        D:3 |     236 |      35 |  12.9 |      28 |       1 |   3.4
        D:4 |     161 |       0 |   0.0 |       7 |       0 |   0.0
        D:5 |     178 |       0 |   0.0 |       9 |       0 |   0.0
            +---------+---------+-------+---------+---------+-------
